 Dungeon Crawl Stone Soup version 0.20.1-1-g8b1a95d (webtiles) character file.

3769 polve the Cleaver (level 9, -2/61 HPs)
             Began as a Demonspawn Gladiator on July 7, 2017.
             Was a Believer of Uskayaw.
             Slain by a two-headed ogre
             ... wielding a +0 dire flail
              (16 damage)
             ... on level 8 of the Dungeon.
             The game lasted 00:10:16 (9347 turns).

polve the Cleaver (Demonspawn Gladiator)            Turns: 9347, Time: 00:10:17

Health: -2/61      AC: 10    Str: 22    XL:     9   Next: 94%
Magic:  9/9        EV: 13    Int:  9    God:    Uskayaw [**....]
Gold:   455        SH:  0    Dex: 17    Spells: 7/8 levels left

rFire    + . .     SeeInvis +   a - +0 war axe
rCold    . . .     Gourm    .   (no shield)
rNeg     . . .     Faith    .   D - +2 leather armour of the Will of the Gods {Str+4}
rPois    .         Spirit   .   c - +0 helmet
rElec    .         Reflect  .   J - +1 cloak
rCorr    .         Harm     .   v - +0 pair of gloves
MR       .....                  (no boots)
Stlth    +++.......             s - amulet of rage
Regen    0.2/turn               y - ring of see invisible
MPRegen  0.2/turn               p - ring of wizardry

@: no status effects
A: hooves 2, agile 1, fire resistance 1, nightstalker 2, powered by death 2,
subdued magic 1
a: Stomp, Line Pass, Renounce Religion, Evoke Berserk Rage


You were on level 8 of the Dungeon.
You worshipped Uskayaw.
Uskayaw was noncommittal.
You were not hungry.

You visited 2 branches of the dungeon, and saw 9 of its levels.
You also visited: Sewer.

You collected 455 gold pieces.

Inventory:

Hand Weapons
 a - a +0 war axe (weapon)
Missiles
 d - 3 throwing nets (quivered)
Armour
 b - a +0 pair of boots
 c - a +0 helmet (worn)
 v - a +0 pair of gloves (worn)
 D - the +2 leather armour of the Will of the Gods (worn) {Str+4}
   (You found it on level 6 of the Dungeon)

   It affects your strength (+4).
 J - a +1 cloak (worn)
Jewellery
 p - a ring of wizardry (right hand)
 s - an amulet of rage (around neck)
 y - a ring of see invisible (left hand)
Wands
 B - a wand of polymorph (6/24)
 C - a wand of iceblast (0/15)
 K - a wand of disintegration (14/24)
Scrolls
 e - 6 scrolls of remove curse {unknown}
 i - a scroll of fog {unknown}
 j - 10 scrolls of identify {unknown}
 k - 5 scrolls of amnesia {unknown}
 l - 6 scrolls of recharging {unknown}
 m - a scroll of immolation {unknown}
 u - 5 scrolls of teleportation
 w - a scroll of random uselessness {unknown}
 x - 3 scrolls of magic mapping {unknown}
 F - a scroll of acquirement {unknown}
 H - a scroll of fear {unknown}
 I - a scroll of enchant armour {unknown}
 M - a scroll of blinking {unknown}
 N - a scroll of enchant weapon {unknown}
Potions
 g - a potion of agility {unknown}
 h - a potion of might {unknown}
 n - a potion of degeneration {unknown}
 o - 3 potions of lignification {unknown}
 q - a potion of brilliance {unknown}
 t - 4 potions of flight
 z - a potion of berserk rage {unknown}
 A - a potion of haste {unknown}
 E - a potion of mutation {unknown}
Comestibles
 f - 6 bread rations
 r - 4 royal jellies
 G - a meat ration
 L - 3 chunks of flesh


   Skills:
 - Level 2.0 Fighting
 + Level 11.8 Axes
 - Level 1.7 Throwing
 - Level 5.7 Armour
 - Level 2.6 Dodging


You had 7 spell levels left.
You knew the following spells:

 Your Spells              Type           Power        Failure   Level  Hunger
a - Apportation           Tloc           #.....       16%         1    ##.....


Dungeon Overview and Level Annotations

Branches:
Dungeon (8/15)             Temple (1/1) D:5
   Lair: D:8-11

Altars:
Ashenzari
Cheibriados
Dithmenos
Elyvilon
Fedhas
Gozag
Hepliaklqana
Kikubaaqudgha
Makhleb
Nemelex Xobeh
Okawaru
Qazlal
Ru
Sif Muna
Trog
Uskayaw
Vehumet
Xom
Yredelemnul
Zin
The Shining One

Shops:
D:7 }

Annotations:
D:6 5 runed doors


Innate Abilities, Weirdness & Mutations

You have hoof-like feet.
You are significantly more attuned to the shadows.
You regenerate health from kills.
You are agile. (Dex +2)
Your flesh is heat resistant. (rF+)
Your spells are a little easier to cast, but a little less powerful.


Message History

The two-headed ogre is heavily wounded.
The two-headed ogre hits you with a dire flail!
* * * LOW HITPOINT WARNING * * *
The two-headed ogre closely misses you. The bullfrog misses you.
You hit the two-headed ogre. Your kick misses the two-headed ogre.
The two-headed ogre is heavily wounded.
You barely miss the bullfrog. The bullfrog hits you.
* * * LOW HITPOINT WARNING * * *
The two-headed ogre hits you with a dire flail!
* * * LOW HITPOINT WARNING * * *
The two-headed ogre hits you with a giant spiked club.
* * * LOW HITPOINT WARNING * * *
You slash the two-headed ogre! Your kick misses the two-headed ogre.
The two-headed ogre is severely wounded.
You barely miss the bullfrog.
The bullfrog swells and bulges.
The bullfrog closely misses you.
The bullfrog hits you but does no damage.
The two-headed ogre hits you with a dire flail!
You die...

..'....'...#
#....###.# #....# #.#
...#....#####....###.#
......................
#..#....#####.######.#
..............# #.#
#..#OF.######.######.#
.....@.######.........
......>...............
#.####.######.###### #
#.# #.# #.# #.# ###
#.# #.#


You could see a two-headed ogre and a bullfrog.

Vanquished Creatures
  A two-headed ogre (D:8)
  Pikel (D:5)
  Edmund (D:5)
  2 ice beasts
  A sky beast (D:8)
  A slave (D:5)
  3 ogres
  2 phantoms (D:8)
  2 centaurs
  4 bullfrogs
  A gnoll sergeant (D:8)
  A wyvern skeleton (D:6)
  A scorpion (D:6)
  An electric eel (D:6)
  2 howler monkeys
  3 crimson imps
  A jelly (D:8)
  Crazy Yiuf (D:7)
  3 orc priests
  5 hounds
  3 orc wizards
  A bullfrog skeleton (D:6)
  2 centaur skeletons
  2 iguanas
  A merfolk siren (Sewer)
  4 worker ants
  A killer bee zombie (D:8)
  A merfolk avatar (Sewer)
  Robin (D:2)
  A howler monkey skeleton (D:7)
  6 gnolls
  2 river rats (Sewer)
  10 adders
  A shadow imp (D:7)
  An ooze (D:6)
  An adder zombie (D:5)
  7 worms
  2 dart slugs (D:1)
  8 leopard geckos
  13 orcs
  7 bats
  4 giant cockroaches
  17 goblins
  9 hobgoblins
  15 jackals
  4 kobolds
  2 quokkas (D:7)
  5 ball pythons (Sewer)
  6 frilled lizards
  A leopard gecko zombie (D:7)
  A quokka skeleton (D:6)
  32 rats
208 creatures vanquished.

Vanquished Creatures (others)
  A worker ant (D:5)
  A howler monkey zombie (D:5)
  An orc (D:5)
  A butterfly (D:5)
4 creatures vanquished.

Grand Total: 212 creatures vanquished

Notes
Turn   | Place    | Note
-------+----------+-------------------------------------------
     0 | D:1      | polve the Demonspawn Gladiator began the quest for the Orb.
     0 | D:1      | Reached XP level 1. HP: 16/16 MP: 1/1
    94 | D:1      | Reached skill level 3 in Axes
   188 | D:1      | Gained mutation: You are slightly more attuned to the shadows. [demonic ancestry]
   188 | D:1      | Reached XP level 2. HP: 18/22 MP: 2/2
   975 | D:1      | Gained mutation: You regenerate a little health from kills. [demonic ancestry]
   975 | D:1      | Reached XP level 3. HP: 27/27 MP: 3/3
  1183 | D:2      | Noticed Robin
  1197 | D:2      | Killed Robin
  1197 | D:2      | Reached skill level 4 in Axes
  1197 | D:2      | Reached skill level 1 in Armour
  1295 | D:2      | Gained mutation: You are significantly more attuned to the shadows. [demonic ancestry]
  1295 | D:2      | Reached XP level 4. HP: 32/33 MP: 4/4
  2072 | D:3      | Gained mutation: You have large cloven feet. [demonic ancestry]
  2072 | D:3      | Reached XP level 5. HP: 24/38 MP: 5/5
  2341 | D:3      | Found a glowing drain.
  2370 | Sewer    | Entered a sewer
  2780 | Sewer    | Reached skill level 5 in Axes
  2928 | Sewer    | Reached XP level 6. HP: 30/44 MP: 6/6
  3726 | D:4      | Found an iron altar of Okawaru.
  3829 | D:4      | You fall through a shaft for 3 floors!
  4067 | D:6      | Gained mutation: You have hoof-like feet. [demonic ancestry]
  4067 | D:6      | Reached XP level 7. HP: 32/50 MP: 7/7
  4079 | D:6      | Got an ichor-stained leather armour
  4090 | D:6      | Identified the +2 leather armour of the Will of the Gods {Str+4} (You found it on level 6 of the Dungeon)
  4102 | D:5      | Entered Level 5 of the Dungeon
  4296 | D:5      | Noticed Pikel
  4315 | D:5      | Killed Pikel
  4315 | D:5      | Reached skill level 6 in Axes
  4315 | D:5      | Reached skill level 5 in Armour
  4315 | D:5      | Reached XP level 8. HP: 16/56 MP: 8/8
  4858 | D:4      | Reached skill level 7 in Axes
  4974 | D:5      | Noticed Edmund
  5298 | D:5      | Found a staircase to the Ecumenical Temple.
  5328 | Temple   | Entered the Ecumenical Temple
  5611 | Temple   | Became a worshipper of Uskayaw the Reveler
  6127 | D:5      | Reached * piety under Uskayaw
  6130 | D:5      | Reached ** piety under Uskayaw
  6142 | D:5      | Killed Edmund
  6142 | D:5      | Reached skill level 8 in Axes
  6216 | D:5      | Reached *** piety under Uskayaw
  6217 | D:5      | Reached **** piety under Uskayaw
  6853 | D:6      | Reached skill level 9 in Axes
  7028 | D:6      | Found a runed door.
  7037 | D:6      | Found a runed gate.
  7039 | D:6      | Found a runed gate.
  7039 | D:6      | Found a runed gate.
  7047 | D:6      | Found a runed door.
  7438 | D:6      | Gained mutation: You regenerate health from kills. [demonic ancestry]
  7438 | D:6      | Reached XP level 9. HP: 23/61 MP: 9/9
  7711 | D:6      | Learned a level 1 spell: Apportation
  7980 | D:7      | Found Taismewi's Gadget Shop.
  8168 | D:7      | Reached skill level 10 in Axes
  8207 | D:7      | Found a runed door.
  8642 | D:7      | Noticed Crazy Yiuf
  8649 | D:7      | Killed Crazy Yiuf
  9032 | D:8      | Noticed a two-headed ogre
  9042 | D:8      | Killed a two-headed ogre
  9042 | D:8      | Reached skill level 11 in Axes
  9294 | D:8      | Gained mutation: You are agile. (Dex +2) [mutagenic meat]
  9295 | D:8      | Gained mutation: Your flesh is heat resistant. (rF+) [mutagenic meat]
  9296 | D:8      | Gained mutation: Your spells are a little easier to cast, but a little less powerful. [mutagenic meat]
  9339 | D:8      | Noticed a two-headed ogre
  9347 | D:8      | Slain by a two-headed ogre

Skill      XL: |  1  2  3  4  5  6  7  8  9 |
---------------+----------------------------+-----
Axes           | 3 4 5 6 9 11 | 11.8
Armour         | 1 2 3 4 5 |  5.7
Fighting       | |  2.0
Throwing       | |  1.7
Dodging        | |  2.6

Action                   |  1- 3 |  4- 6 |  7- 9 || total
-------------------------+-------+-------+-------++-------
Melee: War axe           |    96 |   346 |   287 ||   729
       Kick              |       |    71 |    99 ||   170
       Unarmed           |       |       |    11 ||    11
Evoke: Wand              |       |       |     3 ||     3
  Use: Potion            |       |     4 |     2 ||     6
 Stab: Distracted        |     1 |       |     3 ||     4
       Sleeping          |     5 |       |    23 ||    28
       Paralysed         |       |       |     4 ||     4
  Eat: Chunk             |     1 |    10 |    19 ||    30
       Fruit             |       |       |     2 ||     2
Armor: Leather armour    |    15 |       |    59 ||    74
       Plate armour      |    50 |   311 |       ||   361
Dodge: Dodged            |    52 |   137 |   177 ||   366
